 Dungeon Crawl Stone Soup version 0.22.1-2-g9c5b331 (webtiles) character file.

1026 Boetheseconed the Slasher (level 8, -7/67 HPs)
             Began as a Gnoll Chaos Knight on Nov 27, 2018.
             Mangled by a two-headed ogre
             ... wielding a +0 giant club
              (9 damage)
             ... on level 6 of the Dungeon.
             The game lasted 00:20:25 (3767 turns).

Boetheseconed the Slasher (Gnoll Chaos Knight)      Turns: 3767, Time: 00:20:29

Health: -7/67      AC:  9    Str: 15    XL:     8   Next: 23%
Magic:  12/12      EV: 14    Int: 16    God:    Xom [.....*]
Gold:   275        SH:  0    Dex: 15    Spells: 13/13 levels left

rFire    . . .     SeeInvis .   a - +0 falchion (chaos)
rCold    . . .     Gourm    .   (no shield)
rNeg     . . .     Faith    .   b - +2 leather armour
rPois    .         Spirit   .   s - +0 helmet
rElec    .         Reflect  .   (no cloak)
rCorr    .         Harm     .   i - +1 pair of gloves
MR       .....                  (no boots)
Stlth    ++........             (no amulet)
HPRegen  0.21/turn              (no ring)
MPRegen  0.13/turn              (no ring)

@: no status effects
A: distributed training, fangs 1, strong nose
a: Renounce Religion


You were on level 6 of the Dungeon.
You worshipped Xom.
You were Xom's teddy bear.
You were not hungry.

You visited 1 branch of the dungeon, and saw 6 of its levels.

You collected 275 gold pieces.

Inventory:

Hand Weapons
 a - a +0 falchion of chaos (weapon)
Missiles
 p - 5 tomahawks
 x - 2 silver tomahawks (quivered)
Armour
 b - a +2 leather armour (worn)
 i - a +1 pair of gloves (worn)
 n - a +0 leather armour
 s - a +0 helmet (worn)
 F - a +0 pair of boots
Magical Staves
 u - an uncursed staff of wizardry
Jewellery
 y - a +6 amulet of reflection {unknown}
Wands
 E - a wand of enslavement (7)
Scrolls
 d - a scroll of magic mapping {unknown}
 e - 2 scrolls of teleportation {unknown}
 g - 4 scrolls of remove curse {unknown}
 h - 8 scrolls of identify {unknown}
 j - 2 scrolls of blinking {unknown}
 k - a scroll of amnesia {unknown}
 l - 2 scrolls of immolation {unknown}
 v - 2 scrolls of enchant weapon {unknown}
 w - a scroll of enchant armour {unknown}
 C - a scroll of brand weapon {unknown}
Potions
 f - 2 potions of degeneration
 m - 2 potions of heal wounds
 q - a potion of curing {unknown}
 r - a potion of cancellation {unknown}
 t - a potion of lignification {unknown}
 z - a potion of berserk rage {unknown}
 A - a potion of resistance {unknown}
 B - a potion of haste {unknown}
 D - a potion of might {unknown}
Comestibles
 c - 10 rations
 o - 10 chunks of flesh


   Skills:
 + Level 7.2 Fighting
 + Level 3.0 Short Blades
 + Level 7.2 Long Blades
 + Level 3.0 Axes
 + Level 3.0 Maces & Flails
 + Level 3.0 Polearms
 + Level 3.0 Staves
 + Level 3.0 Slings
 + Level 3.0 Bows
 + Level 3.0 Crossbows
 + Level 3.0 Throwing
 + Level 5.5 Armour
 + Level 4.0 Dodging
 + Level 3.0 Stealth
 + Level 3.0 Shields
 + Level 3.0 Unarmed Combat
 + Level 3.0 Spellcasting
 + Level 2.4 Conjurations
 + Level 2.4 Hexes
 + Level 2.4 Charms
 + Level 2.4 Summonings
 + Level 2.4 Necromancy
 + Level 2.4 Translocations
 + Level 2.4 Transmutations
 + Level 2.4 Fire Magic
 + Level 2.4 Ice Magic
 + Level 2.4 Air Magic
 + Level 2.4 Earth Magic
 + Level 2.4 Poison Magic
 + Level 3.3 Invocations
 + Level 3.0 Evocations


You had 13 spell levels left.
You didn't know any spells.
Your spell library contained the following spells:

 Spells                   Type           Power        Failure   Level  Hunger
 Beastly Appendage        Tmut           ##....       9%          1    #......
 Sticks to Snakes         Tmut           ##......     12%         2    ##.....
 Spider Form              Tmut/Pois      ##........   24%         3    ###....
 Ice Form                 Ice/Tmut       ##......     63%         4    #####..
 Blade Hands              Tmut           ##........   92%         5    ######.


Dungeon Overview and Level Annotations

Branches:
Dungeon (6/15)             Temple (0/1) D:6

Altars:
Elyvilon
Ru
Xom


Innate Abilities, Weirdness & Mutations

Your experience applies equally to all skills.
You have very sharp teeth.
Your uncanny sense of smell can sniff out nearby items.


Message History

Your dagger hits the cyclops but does no damage.
Aiming: Enslavement
Press: ? - help, Shift-Dir - straight line, f/p - cyclops
Aim: a cyclops (almost dead, chance to defeat MR: 37%)
The cyclops easily resists.
The two-headed ogre closely misses you.
You riposte.
You hit the two-headed ogre.
The two-headed ogre is poisoned.
The two-headed ogre is lightly wounded.
The two-headed ogre misses you.
Your dagger hits the cyclops but does no damage.
The orc priest invokes the aid of Beogh against you.
Beogh smites you!
* * * LOW HITPOINT WARNING * * *
You hit the two-headed ogre.
The two-headed ogre looks as sick as possible!
The two-headed ogre is moderately wounded.
Your dagger hits the cyclops.
The two-headed ogre hits you with a giant club!!
* * * LOW HITPOINT WARNING * * *
The two-headed ogre hits you with a giant club!
You die...

...............[....#
..[....$....†...(...#
.#####..............#
.......###..........#
........?#.....(....#
.....###.#..........#
.(.....#..........(.#
...###.#.......b....#
.....#....b...bO@.(.#
.###.# .......b.C...#
... .........F..(...#
#..# ...............#
..........[..o.o...#
.#..∆ ......obb..###
...........#
...........#
..........##


You could see a two-headed ogre, a cyclops, a bullfrog, an orc priest, 2 orcs
and a friendly dagger.

Vanquished Creatures
  Edmund (D:5)
  Duvessa (D:5)
  A centaur (D:5)
  A bullfrog (D:6)
  Dowan (D:5)
  2 scorpions (D:5)
  A howler monkey (D:5)
  An orc priest (D:4)
  2 hounds (D:5)
  A bullfrog skeleton (D:5)
  3 orc wizards
  2 worker ants (D:6)
  A hound skeleton (D:5)
  2 adders
  An ooze (D:4)
  An adder zombie (D:5)
  An adder skeleton (D:4)
  4 worms
  A dart slug (D:1)
  5 leopard geckos
  23 orcs
  8 bats
  5 giant cockroaches
  23 goblins
  8 hobgoblins
  9 jackals
  6 kobolds
  2 quokkas
  2 ball pythons
  5 frilled lizards
  A jackal skeleton (D:5)
  A quokka skeleton (D:5)
  8 rats
134 creatures vanquished.

Vanquished Creatures (collateral kills)
  An ogre (D:6)
  An orc wizard (D:6)
  Robin (D:3)
  A giant cockroach (D:6)
  A jackal (D:6)
  3 goblins (D:3)
8 creatures vanquished.

Vanquished Creatures (others)
  A quokka (D:5)
1 creature vanquished.

Grand Total: 143 creatures vanquished

Notes
Turn   | Place    | Note
-------+----------+-------------------------------------------
     0 | D:1      | Boetheseconed the Gnoll Chaos Knight began the quest for
                  | the Orb.
     0 | D:1      | Reached XP level 1. HP: 23/23 MP: 1/1
   106 | D:1      | Reached XP level 2. HP: 29/29 MP: 2/2
   265 | D:1      | XOM: divination: detect items
   301 | D:1      | Reached XP level 3. HP: 20/35 MP: 3/3
   749 | D:2      | XOM: harmless Hex miscast
   803 | D:2      | Reached skill level 1 in Invocations
   839 | D:2      | Found a sacrificial altar of Ru.
   852 | D:2      | Reached skill level 1 in Short Blades
   852 | D:2      | Reached skill level 1 in Axes
   852 | D:2      | Reached skill level 1 in Maces & Flails
   852 | D:2      | Reached skill level 1 in Polearms
   852 | D:2      | Reached skill level 1 in Staves
   852 | D:2      | Reached skill level 1 in Slings
   852 | D:2      | Reached skill level 1 in Bows
   852 | D:2      | Reached skill level 1 in Crossbows
   852 | D:2      | Reached skill level 1 in Throwing
   852 | D:2      | Reached skill level 1 in Stealth
   852 | D:2      | Reached skill level 1 in Shields
   852 | D:2      | Reached skill level 1 in Unarmed Combat
   852 | D:2      | Reached skill level 1 in Spellcasting
   852 | D:2      | Reached skill level 1 in Evocations
   852 | D:2      | Reached XP level 4. HP: 36/41 MP: 5/5
  1378 | D:2      | XOM: god gift: leather armour {god gift}
  1498 | D:3      | XOM: harmless Chrm miscast
  1501 | D:3      | Reached skill level 1 in Conjurations
  1501 | D:3      | Reached skill level 1 in Hexes
  1501 | D:3      | Reached skill level 1 in Charms
  1501 | D:3      | Reached skill level 1 in Summonings
  1501 | D:3      | Reached skill level 1 in Necromancy
  1501 | D:3      | Reached skill level 1 in Translocations
  1501 | D:3      | Reached skill level 1 in Transmutations
  1501 | D:3      | Reached skill level 1 in Fire Magic
  1501 | D:3      | Reached skill level 1 in Ice Magic
  1501 | D:3      | Reached skill level 1 in Air Magic
  1501 | D:3      | Reached skill level 1 in Earth Magic
  1501 | D:3      | Reached skill level 1 in Poison Magic
  1576 | D:3      | XOM: enchant monster (bad)
  1607 | D:3      | XOM: summons friendly shadow imp
  1611 | D:3      | Reached XP level 5. HP: 40/47 MP: 5/7
  1846 | D:3      | XOM: scenery: create altars
  2196 | D:3      | Noticed Robin
  2205 | D:3      | XOM: summons friendly shadow imp
  2214 | D:3      | Killed Robin
  2386 | D:4      | XOM: god gift: gnarled jewelled staff {god gift}
  2617 | D:4      | XOM: cloud trail
  2620 | D:4      | Reached XP level 6. HP: 53/53 MP: 8/8
  2870 | D:5      | Entered Level 5 of the Dungeon
  2897 | D:5      | XOM: polymorph worker ant -> hound
  2899 | D:5      | XOM: smoke on damage
  2904 | D:5      | Reached skill level 5 in Armour
  3094 | D:5      | Found a white marble altar of Elyvilon.
  3100 | D:5      | Noticed Dowan
  3104 | D:5      | Reached XP level 7. HP: 59/59 MP: 10/10
  3106 | D:5      | Noticed Duvessa
  3116 | D:5      | XOM: summons 3 friendly demons
  3117 | D:5      | XOM: blink monster(s)
  3130 | D:5      | Killed Duvessa
  3138 | D:5      | Killed Dowan
  3164 | D:5      | Noticed Edmund
  3173 | D:5      | XOM: blink monster(s)
  3175 | D:5      | XOM: enchant monster (bad)
  3183 | D:5      | XOM: harmless Air miscast
  3190 | D:5      | Killed Edmund
  3196 | D:5      | XOM: harmless Necr miscast
  3242 | D:5      | XOM: harmless Pois miscast
  3255 | D:5      | XOM: mild Pois miscast
  3613 | D:5      | Reached XP level 8. HP: 48/67 MP: 12/12
  3684 | D:6      | Found a staircase to the Ecumenical Temple.
  3745 | D:6      | Noticed a cyclops
  3751 | D:6      | Noticed a two-headed ogre
  3755 | D:6      | XOM: butterfly on damage
  3758 | D:6      | XOM: butterfly on damage
  3764 | D:6      | XOM: god gift: forked gold wand {god gift}
  3767 | D:6      | HP: 2/67 [two-headed ogre/giant club (18)]
  3767 | D:6      | Mangled by a two-headed ogre

Skill      XL: |  1  2  3  4  5  6  7  8 |
---------------+-------------------------+-----
Invocations    | 1 2 3 |  3.3
Short Blades   | 1 2 3 |  3.0
Axes           | 1 2 3 |  3.0
Maces & Flails | 1 2 3 |  3.0
Polearms       | 1 2 3 |  3.0
Staves         | 1 2 3 |  3.0
Slings         | 1 2 3 |  3.0
Bows           | 1 2 3 |  3.0
Crossbows      | 1 2 3 |  3.0
Throwing       | 1 2 3 |  3.0
Stealth        | 1 2 3 |  3.0
Shields        | 1 2 3 |  3.0
Unarmed Combat | 1 2 3 |  3.0
Spellcasting   | 1 2 3 |  3.0
Evocations     | 1 2 3 |  3.0
Conjurations   | 1 2 |  2.4
Hexes          | 1 2 |  2.4
Charms         | 1 2 |  2.4
Summonings     | 1 2 |  2.4
Necromancy     | 1 2 |  2.4
Translocations | 1 2 |  2.4
Transmutations | 1 2 |  2.4
Fire Magic     | 1 2 |  2.4
Ice Magic      | 1 2 |  2.4
Air Magic      | 1 2 |  2.4
Earth Magic    | 1 2 |  2.4
Poison Magic   | 1 2 |  2.4
Dodging        | 3 4 |  4.0
Armour         | 5 |  5.5
Fighting       | 7 |  7.2
Long Blades    | 7 |  7.2

Action                   |  1- 3 |  4- 6 |  7- 9 || total
-------------------------+-------+-------+-------++-------
Melee: Falchion          |    79 |   227 |   111 ||   417
       Bite              |     7 |    20 |    24 ||    51
       Punch             |     1 |     2 |     3 ||     6
Throw: Tomahawk          |       |     3 |       ||     3
Evoke: Wand              |       |       |     2 ||     2
  Use: Potion            |       |     2 |     3 ||     5
 Stab: Sleeping          |     1 |     1 |       ||     2
       Confused          |       |     3 |       ||     3
       Distracted        |       |     1 |       ||     1
       Paralysed         |       |     2 |       ||     2
       Petrified         |       |       |     8 ||     8
       Petrifying        |       |       |     1 ||     1
  Eat: Chunk             |       |     7 |     1 ||     8
       Ration            |       |       |     1 ||     1
Armor: Leather armour    |    30 |    95 |    53 ||   178
Dodge: Dodged            |    49 |   162 |    91 ||   302
       Rpst.: Falchion   |    13 |    43 |    25 ||    81
